 Dungeon Crawl Stone Soup version 0.28.0-53-g5a82cb258f (webtiles) character file.

Game seed: 17537814148035796533

676 DemonSlayer the Firebug (level 7, -11/49 HPs)
             Began as a Demonspawn Fire Elementalist on July 30, 2022.
             Killed by nerve-wracking pain
             ... invoked by an orc priest
              (12 damage)
             ... on level 4 of the Dungeon.
             The game lasted 00:07:02 (4624 turns).

DemonSlayer the Firebug (DsFE)                      Turns: 4624, Time: 00:07:02

Health: -11/49     AC:  4    Str: 14    XL:     7   Next: 33%
Magic:  13/14      EV: 12    Int: 18    God:
Gold:   57         SH:  0    Dex: 14    Spells: 5/15 levels left

rFire   . . .      SeeInvis .   k - +1 flail
rCold   . . .      Faith    .   (no shield)
rNeg    . . .      Spirit   .   a - +1 robe
rPois   .          Reflect  .   (no helmet)
rElec   .          Harm     .   (no cloak)
rCorr   .          Rampage  .   (no gloves)
Will    .....                   (no boots)
Stlth   ++........              (no amulet)
HPRegen 0.16/turn               d - +6 ring of strength
MPRegen 0.14/turn               (no ring)

@: no status effects
A: rugged brown scales 1, ignite blood 1, spiny 1, weakness stinger 1
a: no special abilities


You were on level 4 of the Dungeon.
You visited 1 branch of the dungeon, and saw 4 of its levels.

You collected 57 gold pieces.

Inventory:

Hand Weapons
 e - a +0 dagger
 k - a +1 flail (weapon)
Missiles
 i - 46 sling bullets
Armour
 a - a +1 robe (worn)
Jewellery
 d - a +6 ring of strength (left hand)
Scrolls
 b - 2 scrolls of enchant armour
Potions
 c - 2 potions of magic


   Skills:
 + Level 1.3 Fighting
 + Level 2.2 Maces & Flails
 + Level 2.5 Dodging
 + Level 2.8 Stealth
 + Level 4.7 Spellcasting
 + Level 1.4 Conjurations
 + Level 4.8 Fire Magic


You had 5 spell levels left.
You knew the following spells:

 Your Spells              Type           Power      Damage    Failure   Level
a - Foxfire               Conj/Fire      60%        2x1d7     3%          1
b - Scorch                Fire           42%        2d7       2%          2
c - Conjure Flame         Conj/Fire      15%        6-21      11%         3
d - Flame Wave            Conj/Fire      15%        2d6       36%         4

Your spell library contained the following spells:

 Spells                   Type           Power      Damage    Failure   Level
 Animate Skeleton         Necr           8%         N/A       14%         1
 Pain                     Necr           16%        1d4       14%         1
 Sandblast                Erth           8%         2d5       14%         1
 Inner Flame              Hex/Fire       13%        N/A       16%         3
 Passwall                 Tmut/Erth      3%         N/A       21%         2
 Stone Arrow              Conj/Erth      12%        3d7       30%         3
 Vampiric Draining        Necr           4%         2d6       38%         3


Dungeon Overview and Level Annotations

Branches:
Dungeon (4/15)
 Temple: D:4-7

Altars:
Gozag

Shops:
D:4 *


Innate Abilities, Weirdness & Mutations

You are partially covered in rugged brown scales. (AC +1, +3% HP)
Your demonic aura sometimes causes spilled blood to erupt in flames.
You are partially covered in sharp spines.
You have a small tail.


Message History

Menkaure is moderately damaged.
Menkaure is struck by your spines. Menkaure hits you but does no damage.
The centaur hits you.
* * * LOW HITPOINT WARNING * * *
The centaur barely misses you. Menkaure closely misses you.
Unknown command.
You hit Menkaure.
You tail-slap Menkaure, but do no damage.
Menkaure is severely damaged.
The centaur hits you but does no damage.
The centaur kicks you but does no damage.
Menkaure gestures at you while chanting.
You struggle to resist.
The centaur hits you.
* * * LOW HITPOINT WARNING * * *
The centaur barely misses you.
You sock Menkaure!
You destroy Menkaure!
The centaur is struck by your spines. The centaur hits you.
* * * LOW HITPOINT WARNING * * *
The centaur kicks you.
* * * LOW HITPOINT WARNING * * *
The centaur hits you.
* * * LOW HITPOINT WARNING * * *
The centaur completely misses you. The iguana barely misses you.
Your Maces & Flails skill increases to level 2!
You feel better. The centaur is struck by your spines. The centaur hits you.
* * * LOW HITPOINT WARNING * * *
The centaur closely misses you. The iguana barely misses you.
As you read the scroll labelled SENGYU NAPLIJA, it crumbles to dust.
You feel aware of your surroundings.
You sensed 1 shop/portal.
It was a scroll of magic mapping.
The centaur misses you. The centaur completely misses you.
The centaur barely misses you. The centaur kicks you.
* * * LOW HITPOINT WARNING * * *
The iguana is struck by your spines. The iguana closely misses you.
Okay, then.
An endoplasm comes into view.
The orc priest calls down the wrath of Beogh upon you.
Pain shoots through your body!
You die...

..#..#...##......................
....##...##.......>............#.
#####.....#...................##,
.#.,#..(..#.##...............#(.,
...,##...##.................##..,
...,,#####..................#,,,,
...,,,......................#*,,,
...,,..#+#................#.#,,,,
...,,,,+∩+......@.......,,*,,,,,,
#..,,,,*+#....)co.....#.,,,,,,,,,
♣*.≈*,,,.......l......#****,,,,>,
♣≈≈***,#.......o.......# ***,,,,
♣*≈≈***#.##............#** *,***
*≈≈* #.*##.##........#,** *,,,,
♣♣..♣ ***,,..*#........J,,* ***,,
♣≈..***≈≈,.#.,#.........,,***,,,,
.≈≈≈,≈≈≈,.#**,.........,,,,,,,,,*


You could see a centaur, an iguana, an orc priest, an orc and an endoplasm
(wandering).

Vanquished Creatures
  Menkaure (D:4)
  A necrophage (D:4)
  A scorpion (D:4)
  2 water moccasin skeletons (D:4)
  2 hounds (D:3)
  A jelly (D:4)
  Natasha (D:2)
  An orc wizard (D:4)
  3 gnolls (D:2)
  2 howler monkey skeletons (D:4)
  3 adders
  2 worms
  4 dart slugs (D:2)
  2 orcs (D:4)
  5 endoplasms
  5 giant cockroaches
  8 goblins
  11 hobgoblins
  6 jackals (D:2)
  2 quokkas
  6 ball pythons
  4 bats
  5 frilled lizards
  8 kobolds
  6 rats
92 creatures vanquished.

Vanquished Creatures (others)
  92 foxfires
  2 plants (D:4)
94 creatures vanquished.

Grand Total: 186 creatures vanquished

Notes
Turn   | Place    | Note
-------+----------+-------------------------------------------
     0 | D:1      | DemonSlayer the Demonspawn Fire Elementalist began the
                  | quest for the Orb.
     0 | D:1      | Reached XP level 1. HP: 13/13 MP: 3/3
   187 | D:1      | Gained mutation: You are partially covered in rugged brown
                  | scales. (AC +1, +3% HP) [demonic ancestry]
   187 | D:1      | Reached XP level 2. HP: 13/19 MP: 0/5
   190 | D:1      | Learned a level 2 spell: Scorch
   721 | D:1      | Found a faded altar of an unknown god.
   930 | D:1      | You fall into a shaft and drop 1 floor!
  1154 | D:2      | Gained mutation: You are partially covered in sharp spines.
                  | [demonic ancestry]
  1154 | D:2      | Reached XP level 3. HP: 19/24 MP: 0/6
  1289 | D:2      | Learned a level 3 spell: Conjure Flame
  1868 | D:2      | Reached XP level 4. HP: 26/30 MP: 1/7
  2445 | D:2      | Noticed Natasha
  2450 | D:2      | Killed Natasha
  2781 | D:2      | Gained mutation: Your demonic aura sometimes causes spilled
                  | blood to erupt in flames. [demonic ancestry]
  2781 | D:2      | Reached XP level 5. HP: 36/36 MP: 1/10
  4014 | D:3      | Learned a level 4 spell: Flame Wave
  4244 | D:4      | Found an opulent altar of Gozag.
  4246 | D:4      | Found Gozag's Platinum Reserve.
  4269 | D:4      | Noticed a necrophage
  4273 | D:4      | Killed a necrophage
  4274 | D:4      | Gained mutation: You have a small tail. [demonic ancestry]
  4274 | D:4      | Reached XP level 6. HP: 43/43 MP: 6/12
  4362 | D:4      | Reached skill level 1 in Maces & Flails
  4424 | D:4      | Reached XP level 7. HP: 42/48 MP: 1/13
  4565 | D:4      | Reached skill level 1 in Fighting
  4615 | D:4      | Noticed Menkaure
  4621 | D:4      | Killed Menkaure
  4621 | D:4      | HP: 2/49 [centaur (1)]
  4624 | D:4      | Killed from afar by an orc priest

Illustrated notes

Levels and vault maps discovered:
D:1:      minmay_arrival_four_houses, layout_rooms,
          shapermc_ecumenical_altar_notcrosses
D:2:      layout_loops_corners, kennysheep_generic_room_14, uniq_natasha
D:3:      layout_loops_corners, kennysheep_doodads
D:4:      layout_cave_pools, nicolae_gozag_zags_fifth_avenue, serial_shops,
          nicolae_shop_behind_doors, eino_small_chamber_without_monster,
          minivault_4, serial_bayou_crossing, uniq_menkaure

Skill      XL: |  1  2  3  4  5  6  7 |
---------------+----------------------+-----
Fire Magic     | 3 4 |  4.8
Dodging        | 2 |  2.5
Stealth        | 2 |  2.8
Spellcasting   | 3 4 |  4.7
Maces & Flails | 1 2 |  2.2
Fighting       | 1 |  1.3
Conjurations   | |  1.4

Action                   |  1- 3 |  4- 6 |  7- 9 || total
-------------------------+-------+-------+-------++-------
Melee: Dagger            |    28 |     2 |       ||    30
       Unarmed           |     1 |       |       ||     1
       Flail             |       |    33 |     8 ||    41
       Tailslap          |       |     1 |     1 ||     2
       Punch             |       |       |     1 ||     1
 Cast: Foxfire           |    59 |       |       ||    59
       Scorch            |    15 |    46 |     1 ||    62
  Use: Scroll            |       |     6 |     1 ||     7
       Potion            |       |       |     1 ||     1
 Stab: Sleeping          |     1 |     2 |       ||     3
Armor: Robe              |    11 |    14 |     3 ||    28
Dodge: Dodged            |    34 |    35 |    15 ||    84
